 Dungeon Crawl Stone Soup version 0.25-a0-869-g05d4e06a41 (webtiles) character file.

Game seed: 7448382036242345244, levelgen mode: deterministic

2163 Maedhros the Spear-Bearer (level 9, -2/56 HPs)
             Began as an Octopode Chaos Knight on May 1, 2020.
             Was a Plaything of Xom.
             Slain by a hippogriff (9 damage)
             ... on level 7 of the Dungeon.
             The game lasted 00:09:47 (19452 turns).

Maedhros the Spear-Bearer (Octopode Chaos Knight)  Turns: 19452, Time: 00:09:48

Health: -2/56      AC:  3    Str:  5 (7)  XL:     9   Next: 32%
Magic:  9/9        EV: 14    Int: 18      God:    Xom [*.....]
Gold:   264        SH:  0    Dex: 23      Spells: 8/8 levels left

rFire    + . .     SeeInvis .   a - +6 quarterstaff of Menta {flame, Str-4 Dex+6}
rCold    . . .     Gourm    .   (shield currently unavailable)
rNeg     . . .     Faith    .   (helmet restricted)
rPois    .         Spirit   .   (no amulet)
rElec    .         Reflect  .   y - +4 ring of intelligence
rCorr    .         Harm     .   (no ring)
MR       .....     Clarity  +   (no ring)
Stlth    ++++......             (no ring)
HPRegen  0.18/turn              (no ring)
MPRegen  0.11/turn              (no ring)
                                (no ring)
                                (no ring)

@: no status effects
A: almost no armour, stealthy swim, amphibious, 8 rings, constrict 8, slimy
green scales 1, camouflage 2, agile 1, blink, blurry vision 2, clarity,
deterioration 1, fire resistance 1, gelatinous body 1
a: Blink, Renounce Religion


You were on level 7 of the Dungeon.
You worshipped Xom.
You were a special plaything of Xom.
You were not hungry.

You visited 1 branch of the dungeon, and saw 7 of its levels.

You collected 264 gold pieces.

Inventory:

Hand Weapons
 a - the +6 quarterstaff of Menta (weapon) {flame, Str-4 Dex+6}
   (You found it on level 6 of the Dungeon)

   It has been specially enchanted to burn those struck by it, causing extra
   injury to most foes and up to half again as much damage against particularly
   susceptible opponents.
   It affects your strength (-4).
   It affects your dexterity (+6).
 k - a +0 arbalest
 q - a +0 shortbow
 x - a +3 quarterstaff of chaos
Missiles
 e - 12 poisoned darts (quivered)
 f - 143 stones
Jewellery
 d - an uncursed ring of fire
 y - a +4 ring of intelligence (left tentacle)
Wands
 w - a wand of disintegration (6)
Scrolls
 c - 5 scrolls of teleportation
 h - a scroll of immolation {unknown}
 i - a scroll of blinking {unknown}
 j - 4 scrolls of remove curse
 l - a scroll of enchant armour {unknown}
 m - 2 scrolls of random uselessness {unknown}
 n - 2 scrolls of identify
 o - 2 scrolls of enchant weapon {unknown}
 A - 2 scrolls of magic mapping {unknown}
Potions
 b - 2 potions of might
 r - a potion of berserk rage {unknown}
 s - 2 potions of cancellation {unknown}
 t - a potion of haste
 u - a potion of flight
 v - a potion of degeneration {unknown}
Comestibles
 p - 5 rations


   Skills:
 - Level 3.0 Fighting
   Level 9.9(10.9) Polearms
 * Level 7.4(9.7) Staves
 - Level 2.3 Dodging


You had 8 spell levels left.
You didn't know any spells.
Your spell library contained the following spells:

 Spells                   Type           Power        Failure   Level  Hunger
 Animate Skeleton         Necr           N/A          22%         1    ##.....
 Apportation              Tloc           #.....       22%         1    ##.....
 Corona                   Hex            #......      22%         1    ##.....
 Summon Small Mammal      Summ           #...         22%         1    ##.....


Dungeon Overview and Level Annotations

Branches:
Dungeon (7/15)             Temple (0/1) D:6

Altars:
Kikubaaqudgha
Ru

Shops:
D:6 %


Innate Abilities, Weirdness & Mutations

You cannot wear most types of armour.
You are very stealthy in the water. (Stealth+)
You are amphibious.
You can wear up to eight rings at the same time.
You can use your tentacles to constrict eight enemies at once.
Your skin blends seamlessly with your surroundings (Stealth++).
Your rubbery body absorbs attacks. (AC +1, EV +1)
You are partially covered in slimy green scales. (AC +2)
You are agile. (Dex +2)
You can translocate small distances at will.
Scrolls take you longer to read.
You possess an exceptional clarity of mind.
Your body sometimes deteriorates upon taking damage.
Your flesh is heat resistant. (rF+)


Message History

* * * LOW HITPOINT WARNING * * *
Your body deteriorates!
You feel weakened. The hippogriff claws you.
* * * LOW HITPOINT WARNING * * *
Evoke which item? (* to show all) (? for menu, Esc to quit)
Aiming: Disintegrate
Press: ? - help, Shift-Dir - straight line, f/p - hippogriff
Aim: a hippogriff (almost dead, chance to defeat MR: 61%)
The hippogriff resists with significant effort.
The hippogriff completely misses you. The hippogriff pecks you.
* * * LOW HITPOINT WARNING * * *
The hippogriff barely misses you.
That item cannot be evoked!
Evoke which item? (* to show all) (? for menu, Esc to quit)
Aiming: Disintegrate
Press: ? - help, Shift-Dir - straight line, f/p - hippogriff
Aim: a hippogriff (almost dead, chance to defeat MR: 61%)
The hippogriff resists with significant effort.
The hippogriff bites you!
You die...

. ############# ..
#..ยง..H@....#
.##.####.#########.#
.........# #.#
s.Z......# #.#
.........# #.#
........... #.#
........###.# ###.#
........# # #<..#
.#+###### #####


You could see a hippogriff.

Vanquished Creatures
  A centaur zombie (D:6)
  Grinder (D:3)
  A black bear (D:4)
  An ice beast (D:5)
  A centaur (D:4)
  3 ogres
  Blork the orc (D:4)
  A bullfrog (D:6)
  5 scorpions
  A howler monkey (D:6)
  2 jellies
  A bullfrog skeleton (D:6)
  A crimson imp (D:5)
  4 hounds
  An orc priest (D:5)
  4 orc wizards
  An iguana (D:4)
  6 worker ants
  6 adders
  A shadow imp (D:5)
  An ooze (D:1)
  2 worms
  2 adder skeletons
  4 dart slugs
  8 leopard geckos
  11 orcs
  5 bats
  6 giant cockroaches
  4 goblins
  12 hobgoblins
  2 jackals (D:6)
  2 quokkas
  3 ball pythons
  5 frilled lizards
  A giant cockroach zombie (D:5)
  A jackal skeleton (D:5)
  11 kobolds
  5 rats
128 creatures vanquished.

Vanquished Creatures (collateral kills)
  An orc (D:5)
1 creature vanquished.

Grand Total: 129 creatures vanquished

Notes
Turn   | Place    | Note
-------+----------+-------------------------------------------
     0 | D:1      | Maedhros the Octopode Chaos Knight began the quest for the
                  | Orb.
     0 | D:1      | Reached XP level 1. HP: 16/16 MP: 1/1
     1 | D:1      | XOM: divination: detect creatures
    89 | D:1      | Reached XP level 2. HP: 18/21 MP: 2/2
   115 | D:1      | XOM: divination: detect creatures
   174 | D:1      | XOM: silly message
   596 | D:1      | Reached skill level 4 in Polearms
   767 | D:2      | Reached XP level 3. HP: 26/26 MP: 3/3
   815 | D:2      | XOM: give mutation
   815 | D:2      | Gained mutation: Your body sometimes deteriorates upon
                  | taking damage. [Xom's mischief]
   916 | D:2      | XOM: silly message
  1221 | D:1      | XOM: noise
  2251 | D:1      | XOM: stat loss: -1 Int (12/14)
  2616 | D:1      | XOM: cloud trail
  2758 | D:1      | XOM: 2-stop teleportation journey
  4358 | D:1      | XOM: give mutation
  4358 | D:1      | Gained mutation: You can translocate small distances at
                  | will. [Xom's grace]
  4888 | D:1      | XOM is BORED!
  4888 | D:1      | XOM: give mutation
  4888 | D:1      | Gained mutation: Your body often deteriorates upon taking
                  | damage. [Xom's mischief]
  5004 | D:1      | XOM: god gift: 17 stones
  5549 | D:1      | XOM: give mutations
  5549 | D:1      | Gained mutation: You possess an exceptional clarity of
                  | mind. [Xom's grace]
  5549 | D:1      | Gained mutation: Your muscles are strong. (Str +2) [Xom's
                  | grace]
  5549 | D:1      | Gained mutation: You are partially covered in slimy green
                  | scales. (AC +2) [Xom's grace]
  5664 | D:1      | XOM: silly message
  5938 | D:1      | XOM: give mutations
  5938 | D:1      | Lost mutation: Your muscles are strong. (Str +2) [Xom's
                  | mischief]
  5938 | D:1      | Lost mutation: Your body often deteriorates upon taking
                  | damage. [Xom's mischief]
  6559 | D:1      | XOM: silly message
  6604 | D:1      | XOM: give mutations
  6604 | D:1      | Lost mutation: Your body sometimes deteriorates upon taking
                  | damage. [Xom's mischief]
  6604 | D:1      | Gained mutation: You are frail. (-10% HP) [Xom's mischief]
  6604 | D:1      | Gained mutation: You are very frail. (-20% HP) [Xom's
                  | mischief]
  6989 | D:2      | XOM: smoke on damage
  6994 | D:2      | Reached XP level 4. HP: 19/24 MP: 4/4
  7011 | D:2      | XOM: 1-stop teleportation journey
  7660 | D:1      | XOM: noise
  7812 | D:3      | Reached skill level 5 in Polearms
  7931 | D:3      | XOM: torment (13/24 hp)
  7942 | D:3      | XOM: 1-stop teleportation journey
  8399 | D:2      | XOM: stat loss: -1 Str (10/11)
  8977 | D:2      | XOM: give mutations
  8977 | D:2      | Gained mutation: You are agile. (Dex +2) [Xom's mischief]
  8977 | D:2      | Lost mutation: You possess an exceptional clarity of mind.
                  | [Xom's mischief]
  8977 | D:2      | Lost mutation: You are very frail. (-20% HP) [Xom's
                  | mischief]
  9011 | D:2      | XOM: summons 3 hostile shadow creatures
  9718 | D:2      | XOM: stat loss: -1 Int (12/14)
  9956 | D:3      | XOM: confusion (+ monsters)
 10044 | D:2      | XOM: summons 3 hostile demons
 10045 | D:2      | Noticed a ynoxinul
 10404 | D:2      | XOM: summons 2 hostile demons
 10448 | D:2      | XOM: draining
 10564 | D:2      | XOM: give mutations
 10564 | D:2      | Gained mutation: Scrolls take you a little longer to read.
                  | [Xom's mischief]
 10564 | D:2      | Gained mutation: You are dopey. (Int -2) [Xom's mischief]
 10564 | D:2      | Lost mutation: You are dopey. (Int -2) [Xom's mischief]
 10564 | D:2      | Gained mutation: Your body sometimes deteriorates upon
                  | taking damage. [Xom's mischief]
 10694 | D:3      | Noticed Grinder
 10704 | D:3      | Killed Grinder
 10704 | D:3      | Reached skill level 7 in Polearms
 10704 | D:3      | Reached XP level 5. HP: 19/32 MP: 5/5
 10704 | D:3      | Reached XP level 6. HP: 22/37 MP: 6/6
 10970 | D:4      | XOM: noise
 11008 | D:4      | XOM: silly message
 11025 | D:4      | XOM: enchant monster (bad)
 11176 | D:3      | XOM: give mutations
 11176 | D:3      | Lost mutation: You are frail. (-10% HP) [Xom's mischief]
 11176 | D:3      | Gained mutation: You are frail. (-10% HP) [Xom's mischief]
 11176 | D:3      | Lost mutation: You are frail. (-10% HP) [Xom's mischief]
 11176 | D:3      | Gained mutation: Your body often deteriorates upon taking
                  | damage. [Xom's mischief]
 11216 | D:3      | XOM: summons 4 hostile demons
 11257 | D:4      | Reached XP level 7. HP: 17/46 MP: 7/7
 11270 | D:4      | Noticed Blork the orc
 11295 | D:4      | Killed Blork the orc
 11295 | D:4      | Reached skill level 8 in Polearms
 11591 | D:3      | XOM: give mutations
 11591 | D:3      | Lost mutation: Your body often deteriorates upon taking
                  | damage. [Xom's mischief]
 11591 | D:3      | Lost mutation: Scrolls take you a little longer to read.
                  | [Xom's mischief]
 11591 | D:3      | Gained mutation: Scrolls take you a little longer to read.
                  | [Xom's mischief]
 11676 | D:3      | XOM: draining
 12070 | D:4      | XOM: polymorph orc warrior -> acid dragon
 12071 | D:4      | XOM: polymorph acid dragon -> ogre
 12075 | D:4      | XOM: noise
 12088 | D:4      | XOM: summons 3 friendly demons
 12297 | D:3      | XOM: summons 1 hostile shadow creature
 12308 | D:3      | XOM: give mutations
 12308 | D:3      | Gained mutation: Your body often deteriorates upon taking
                  | damage. [Xom's mischief]
 12308 | D:3      | Gained mutation: You are somewhat resistant to further
                  | mutation. [Xom's mischief]
 12308 | D:3      | Lost mutation: You are somewhat resistant to further
                  | mutation. [Xom's mischief]
 12308 | D:3      | Gained mutation: You are frail. (-10% HP) [Xom's mischief]
 12322 | D:3      | Reached skill level 9 in Polearms
 12669 | D:4      | Reached XP level 8. HP: 45/46 MP: 8/8
 13489 | D:3      | XOM: give mutations
 13489 | D:3      | Lost mutation: You are frail. (-10% HP) [Xom's mischief]
 13489 | D:3      | Gained mutation: Your skin blends seamlessly with your
                  | surroundings (Stealth++). [Xom's mischief]
 13489 | D:3      | Lost mutation: Your body often deteriorates upon taking
                  | damage. [Xom's mischief]
 14311 | D:4      | Found a runed translucent door.
 14312 | D:4      | Noticed Crazy Yiuf
 14445 | D:4      | Noticed Crazy Yiuf
 14445 | D:4      | Crazy Yiuf changed into Crazy Yiuf the centaur
 14449 | D:4      | Killed Crazy Yiuf the centaur
 14492 | D:3      | Found a sacrificial altar of Ru.
 14492 | D:3      | Found an ancient bone altar of Kikubaaqudgha.
 14521 | D:3      | XOM: silly message
 14572 | D:3      | XOM: give mutation
 14572 | D:3      | Gained mutation: Scrolls take you longer to read. [Xom's
                  | mischief]
 15104 | D:5      | Entered Level 5 of the Dungeon
 15149 | D:5      | XOM: summons friendly crimson imp
 15159 | D:5      | Reached skill level 1 in Staves
 15584 | D:5      | XOM: 2-stop teleportation journey
 15679 | D:4      | XOM: god gift: shortbow {god gift}
 16180 | D:4      | XOM: stat loss: -1 Str (9/11)
 16523 | D:5      | XOM: silly message
 16539 | D:5      | XOM: divination: magic mapping
 16576 | D:4      | XOM: silly message
 16667 | D:4      | XOM: divination: detect creatures
 16687 | D:4      | XOM: silly message
 16901 | D:5      | XOM: divination: magic mapping
 16996 | D:5      | XOM: noise
 17261 | D:5      | XOM: silly message
 17736 | D:5      | XOM: summons 3 hostile shadow creatures
 17772 | D:5      | XOM: give mutations
 17772 | D:5      | Gained mutation: You possess an exceptional clarity of
                  | mind. [Xom's mischief]
 17772 | D:5      | Gained mutation: Your flesh is heat resistant. (rF+) [Xom's
                  | mischief]
 18117 | D:6      | XOM: noise
 18154 | D:6      | Found Paose's Food Shop.
 18159 | D:6      | XOM: enchant monster (bad)
 18160 | D:6      | XOM: divination: magic mapping
 18207 | D:6      | XOM: 3-stop teleportation journey
 18356 | D:6      | Reached skill level 5 in Staves
 18691 | D:5      | XOM: summons 5 hostile demons
 18692 | D:5      | Noticed an ice devil
 18710 | D:6      | Reached XP level 9. HP: 47/56 MP: 9/9
 18713 | D:6      | XOM: silly message
 18718 | D:6      | Got a pitted quarterstaff
 18723 | D:6      | XOM: 1-stop teleportation journey
 18725 | D:6      | Identified the +6 quarterstaff of Menta {flame, Str-4
                  | Dex+6} (You found it on level 6 of the Dungeon)
 18735 | D:6      | XOM: smoke on damage
 18911 | D:6      | XOM: summons 1 hostile shadow creature
 18948 | D:6      | Found a staircase to the Ecumenical Temple.
 18949 | D:6      | XOM: summons 5 hostile demons
 18950 | D:6      | Noticed a hellwing
 19440 | D:7      | XOM: chaos cloud
 19448 | D:7      | XOM: noise
 19452 | D:7      | Slain by a hippogriff

Levels and vault maps discovered:
D:1:      dpeg_arrival_tiny_f, layout_basic
D:2:      layout_loops_ring
D:3:      layout_basic, nicolae_overflow_hidden_temple, first_ration,
          uniq_grinder
D:4:      minmay_bubble_buster, layout_cave_pools, uniq_blork_the_orc,
          uniq_crazy_yiuf_cottage
D:5:      layout_layer_cave
D:6:      layout_rooms, minmay_temple_entry_hall, serial_shops,
          nicolae_shop_crystal
D:7:      minmay_the_grid_plus [minmay_the_grid_large_cup,
          minmay_the_grid_diamond_grid, minmay_the_grid_minigrid_medium,
          minmay_the_grid_gridbox, minmay_the_grid_prize_diamond_cup],
          layout_basic, chequers_ossuary_entry_cave, uniq_pikel

Skill      XL: |  1  2  3  4  5  6  7  8  9 |
---------------+----------------------------+-----
Polearms       | 4 7 9 |  9.9
Staves         | 5 7 |  7.4
Fighting       | |  3.0
Dodging        | |  2.3

Action                   |  1- 3 |  4- 6 |  7- 9 || total
-------------------------+-------+-------+-------++-------
Melee: Spear             |    79 |   118 |   104 ||   301
       Tentacles         |     7 |    17 |    46 ||    70
       Constrict         |     9 |    24 |    31 ||    64
       Quarterstaff      |       |       |   128 ||   128
 Abil: Blink             |       |       |     1 ||     1
Evoke: Wand              |       |       |     5 ||     5
  Use: Potion            |     2 |     4 |     4 ||    10
       Scroll            |       |       |     6 ||     6
 Stab: Sleeping          |     7 |     5 |     7 ||    19
       Paralysed         |     3 |     5 |       ||     8
       Invisible         |       |       |     4 ||     4
       Distracted        |       |       |     3 ||     3
  Eat: Ration            |     4 |       |     3 ||     7
       Chunk             |     3 |    15 |    16 ||    34
Armor: Skin              |    13 |     8 |    58 ||    79
Dodge: Dodged            |    28 |    55 |   116 ||   199

Table legend:
 A = Non-vault XP
 B = Vault XP
 C = Vault XP percentage of total XP
 D = Non-vault monster count
 E = Vault monster count
 F = Vault count percentage of total count
                 A         B        C        D         E       F
            +---------+---------+-------+---------+---------+-------
      Total |    2441 |     650 |  21.0 |     121 |       8 |   6.2
            +---------+---------+-------+---------+---------+-------
        D:1 |      32 |       0 |   0.0 |      16 |       0 |   0.0
        D:2 |      60 |       0 |   0.0 |      21 |       0 |   0.0
        D:3 |     150 |     277 |  64.9 |      25 |       1 |   3.8
        D:4 |     629 |     373 |  37.2 |      23 |       7 |  23.3
        D:5 |     545 |       0 |   0.0 |      18 |       0 |   0.0
        D:6 |    1025 |       0 |   0.0 |      18 |       0 |   0.0
            +---------+---------+-------+---------+---------+-------
